 Dungeon Crawl Stone Soup version 0.29-a0-384-g6960b1960d (webtiles) character file.

Game seed: 9712181041552155862

26 LSt the Skirmisher (level 2, -1/28 HPs)
             Began as a Minotaur Fighter on May 7, 2022.
             Slain by Terence
             ... wielding a +2 trident of freezing
              (2 damage)
             ... on level 2 of the Dungeon.
             The game lasted 00:06:03 (967 turns).

LSt the Skirmisher (Minotaur Fighter)                Turns: 967, Time: 00:06:04

Health: -1/28      AC: 10    Str: 20    XL:     2   Next: 89%
Magic:  1/1        EV:  9    Int:  5    God:
Gold:   42         SH:  0    Dex:  9    Spells: 1/1 levels left

rFire   + . .      SeeInvis .   a - +0 war axe
rCold   . . .      Faith    .   (no shield)
rNeg    . . .      Spirit   .   b - +0 scale mail
rPois   .          Reflect  .   (helmet restricted)
rElec   .          Harm     .   (no cloak)
rCorr   .          Rampage  .   (no gloves)
Will    .....                   (no boots)
Stlth   ..........              (no amulet)
HPRegen 0.09/turn               f - +4 ring of protection
MPRegen 0.07/turn               k - ring of protection from fire

@: no status effects
A: horns 2, retaliatory headbutt
a: no special abilities


You were on level 2 of the Dungeon.
You visited 1 branch of the dungeon, and saw 2 of its levels.

You collected 42 gold pieces.

Inventory:

Hand Weapons
 a - a +0 war axe (weapon)
Missiles
 g - 31 stones (quivered)
Armour
 b - a +0 scale mail (worn)
 c - a +0 buckler
 m - an orb of wrath
Jewellery
 e - a ring of wizardry
 f - a +4 ring of protection (left hand)
 k - a ring of protection from fire (right hand)
Scrolls
 i - 2 scrolls of enchant weapon {unknown}
 l - 5 scrolls of teleportation {unknown}
Potions
 d - a potion of might
 h - a potion of flight {unknown}
 j - a potion of curing {unknown}


   Skills:
 + Level 4.4 Fighting
 + Level 3.4 Axes
 - Level 3.6 Armour
 - Level 3.6 Shields


You had one spell level left.
You didn't know any spells.
Your spell library was empty.

Dungeon Overview and Level Annotations

Branches:
Dungeon (2/15)

Altars:

Annotations:
D:2 Terence


Innate Abilities, Weirdness & Mutations

You have a pair of horns on your head.
You reflexively headbutt those who attack you in melee.


Message History

Terence says, "You're history."
You start removing your armour.
You continue taking off your +0 buckler. x3
Terence hits you but does no damage.
You continue taking off your +0 buckler.
You block Terence's attack.
You finish taking off your +0 buckler.
Terence hits you with a +2 trident of freezing.
Terence freezes you.
You barely miss Terence.
Terence hits you with a +2 trident of freezing.
Terence freezes you.
Terence hits you with a +2 trident of freezing.
Terence freezes you.
You are too injured to fight recklessly!
You hit Terence.
Terence is moderately wounded.
Terence hits you with a +2 trident of freezing.
Terence freezes you.
You closely miss Terence.
Terence is moderately wounded.
Terence hits you with a +2 trident of freezing.
* * * LOW HITPOINT WARNING * * *
Terence freezes you.
* * * LOW HITPOINT WARNING * * *
You hit Terence.
Terence is moderately wounded.
Terence barely misses you. Terence hits you but does no damage.
You hit Terence but do no damage.
Terence is moderately wounded.
Terence hits you but does no damage.
You hit Terence but do no damage.
Terence is moderately wounded.
Terence closely misses you.
You hit Terence but do no damage. You headbutt Terence.
Terence is heavily wounded.
Terence hits you with a +2 trident of freezing!
* * * LOW HITPOINT WARNING * * *
Terence freezes you.
You die...

#.# #.# ##.# ...#
##.# ##.#####
.......###########
.......'.......@.#
)......#########@#
######## #.# #
#...# #.#########
####...#
#.....<...#
.....#.#
#########.#
..#######
..'...@.#
..#####.# ..# #.#


You could see Terence.

Vanquished Creatures
  3 ball pythons
  2 endoplasms (D:1)
  3 giant cockroaches
  3 goblins
  A quokka (D:1)
  A bat (D:1)
  6 frilled lizards (D:1)
  4 kobolds (D:1)
  A rat (D:1)
  A spectral goblin (D:1)
25 creatures vanquished.

Vanquished Creatures (others)
  6 plants (D:1)
6 creatures vanquished.

Grand Total: 31 creatures vanquished

Notes
Turn   | Place    | Note
-------+----------+-------------------------------------------
     0 | D:1      | LSt the Minotaur Fighter began the quest for the Orb.
     0 | D:1      | Reached XP level 1. HP: 19/19 MP: 0/0
   195 | D:1      | Reached skill level 4 in Fighting
   198 | D:1      | Reached XP level 2. HP: 20/27 MP: 1/1
   304 | D:1      | Found a faded altar of an unknown god.
   925 | D:2      | Noticed Terence
   967 | D:2      | HP: 1/28 [Terence/+2 trident of freezing (7)]
   967 | D:2      | Slain by Terence

Illustrated notes

Levels and vault maps discovered:
D:1:      dpeg_arrival_fog, layout_basic,
          dreamdust_ecumenical_altar_drowned_temple, minmay_misc_feat_hallway,
          minmay_lizard_king
D:2:      layout_basic, uniq_terence

Skill      XL: |  1 |
---------------+----+-----
Fighting       | 4 |  4.4
Axes           | 3 |  3.4
Armour         | |  3.6
Shields        | |  3.6

Action                   || total
-------------------------++-------
Melee: War axe           ||    54
       Headbutt          ||     4
Armor: Scale mail        ||    23
Dodge: Dodged            ||    28
Block: Buckler           ||     8

Table legend: (Time is in decaauts)
 A = Elapsed time spent in this place.
 B = Non-inter-level travel time spent in this place.
 C = Inter-level travel time spent in this place.
 D = Time resting spent in this place.
 E = Time spent auto-exploring this place.
 F = Levels seen in this place.
 G = Mean time per level.
                   A        B        C        D        E       F      G
               +--------+--------+--------+--------+--------+-----+--------+
         Total |    987 |    884 |    103 |     74 |    592 |   2 |  493.5 |
       Dungeon |    987 |    884 |    103 |     74 |    592 |   2 |  493.5 |
               +--------+--------+--------+--------+--------+-----+--------+

Top non-repeatable levels by time:
     D:1: 871 daAuts
     D:2: 116 daAuts
